AoeStats
← RICARDONE ES SABALERO

Lombardia

508322777Analyzed
3v3 RM · 10d ago on Sep 21, 2026· 66m 49s· 6 players
Game mode
Random Map
Map size
Normal (6 player)
Population
200
Speed
Normal
Resources
Standard
Victory
Conquest
Starting age
Dark Age
Ending age
Imperial Age
RankedLock teamsTeams togetherTeam positionsShared explorationLock speedFull tech treeHidden civsTurbo modeCheats
Victory
Defeat
🇧🇷 Burgundians · Brazil
1123
+15
🇦🇷 Vikings · Argentina
1121
+15
🇲🇽 Georgians · Mexico
1082
+16
🇦🇷 Cumans · Argentina
1111
-16
🇦🇷 Ethiopians · Argentina
1083
-15
🇦🇷 Saracens · Argentina
1076
-15
Gilmarq97
5:57 Loom
9:23 Feudal Age
14:18 Town Watch
18:46 Castle Age
17:29 Double-Bit Axe
17:40 Stone Mining
17:43 Gold Mining
17:54 Horse Collar
21:11 Wheelbarrow
24:39 Scale Barding Armor
24:45 Forging
27:12 Iron Casting
26:52 Heavy Plow
27:28 Bow Saw
29:37 Bloodlines
29:28 Husbandry
31:45 Fletching
41:06 Imperial Age
38:55 Hand Cart
39:34 Town Patrol
40:09 Chain Barding Armor
39:45 Bodkin Arrow
42:36 Conscription
43:21 Plate Barding Armor
43:47 Blast Furnace
42:48 Bracer
43:14 Ballistics
43:55 Chemistry
42:53 Elite Monaspa
49:52 Aznauri Cavalry
58:08 Stone Shaft Mining
61:23 Elite Skirmisher
Miazaki2139
5:36 Double-Bit Axe
11:18 Feudal Age
10:11 Gold Mining
11:38 Loom
16:07 Castle Age
14:34 Horse Collar
15:07 Bow Saw
17:32 Heavy Plow
19:32 Two-Man Saw
20:56 Crop Rotation
25:04 Scale Barding Armor
25:14 Stone Mining
26:57 Wheelbarrow
26:43 Forging
28:10 Iron Casting
27:33 Town Watch
28:18 Husbandry
28:42 Chain Barding Armor
29:02 Hand Cart
33:01 Imperial Age
30:33 Fletching
35:42 Plate Barding Armor
35:58 Bodkin Arrow
41:24 Blast Furnace
40:29 Light Cavalry
41:44 Hussar
45:53 Conscription
47:55 Squires
47:16 Pikeman
48:40 Scale Mail Armor
48:59 Halberdier
54:50 Chain Mail Armor
55:40 Burgundian Vineyards
55:55 Arson
56:44 Plate Mail Armor
63:38 Ballistics
65:43 Bracer
65:11 Cavalier
67:32 Chemistry
66:19 Arrowslits
RICARDONE ES SABALERO
7:42 Loom
10:26 Feudal Age
10:52 Double-Bit Axe
14:11 Forging
14:53 Scale Barding Armor
17:06 Horse Collar
22:51 Castle Age
26:03 Bow Saw
26:16 Gold Mining
26:35 Stone Mining
26:56 Heavy Plow
30:30 Fletching
35:04 Bodkin Arrow
38:28 Elite Skirmisher
41:29 Padded Archer Armor
44:27 Imperial Age
42:49 Leather Archer Armor
46:44 Ballistics
47:25 Chemistry
46:28 Bracer
49:40 Gold Shaft Mining
49:57 Conscription
56:21 Ring Archer Armor
56:12 Chain Barding Armor
56:27 Iron Casting
55:55 Scale Mail Armor
56:09 Masonry
55:26 Elite Berserk
58:21 Chieftains
58:48 Gambesons
59:04 Squires
58:49 Arson
59:47 Crop Rotation
60:19 Two-Man Saw
59:07 Town Watch
59:58 Chain Mail Armor
60:53 Architecture
60:19 Murder Holes
60:06 Treadmill Crane
61:15 Hoardings
62:22 Plate Mail Armor
65:38 Blast Furnace
Pachegol
8:12 Loom
10:47 Feudal Age
17:13 Castle Age
15:51 Fletching
16:02 Padded Archer Armor
16:29 Double-Bit Axe
16:38 Gold Mining
17:17 Crossbowman
21:45 Bow Saw
23:31 Padded Archer Armor
25:42 Thumb Ring
25:58 Bodkin Arrow
26:07 Town Watch
27:13 Leather Archer Armor
31:17 Wheelbarrow
34:13 Hand Cart
38:04 Masonry
46:12 Ballistics
49:35 Imperial Age
49:40 Arbalester
50:23 Bracer
58:43 Ring Archer Armor
Kikelot
7:46 Loom
10:04 Feudal Age
16:32 Wheelbarrow
19:42 Castle Age
18:00 Double-Bit Axe
18:35 Fletching
20:03 Crossbowman
22:07 Thumb Ring
23:14 Bow Saw
26:19 Bodkin Arrow
26:25 Padded Archer Armor
26:32 Gold Mining
26:23 Horse Collar
28:49 Leather Archer Armor
29:16 Ballistics
31:59 Hand Cart
31:30 Town Watch
35:07 Stone Mining
35:53 Gold Shaft Mining
40:52 Imperial Age
39:44 Heavy Plow
41:47 Arbalester
42:31 Bracer
43:01 Ring Archer Armor
42:48 Masonry
47:07 Chemistry
46:43 Ring Archer Armor
48:57 Two-Man Saw
50:05 Siege Engineers
50:11 Fortified Wall
50:39 Caravan
[PPP] BlackPanter
6:27 Loom
9:01 Feudal Age
10:19 Town Watch
11:17 Horse Collar
11:25 Double-Bit Axe
17:20 Wheelbarrow
20:52 Castle Age
19:50 Bloodlines
21:53 Bow Saw
21:58 Heavy Plow
22:10 Scale Barding Armor
23:34 Chain Barding Armor
24:52 Hand Cart
24:38 Town Patrol
25:00 Gold Mining
25:28 Forging
25:47 Padded Archer Armor
33:15 Iron Casting
34:41 Light Cavalry
42:19 Imperial Age
40:29 Gold Shaft Mining
42:33 Cavalier
42:34 Hussar
43:56 Caravan
47:07 Paladin
51:07 Plate Barding Armor
51:33 Blast Furnace
50:55 Capped Ram
54:02 Two-Man Saw
Connection lost

Rejoining the realm…

Still unreachable

The connection could not be restored.

Session expired

The server has moved on; the page needs a fresh start.